 Dungeon Crawl Stone Soup version 0.17-a0-1399-gd5b76e1 (webtiles) character file.

29 bal the Insei (level 3, -2/19 HPs)
             Began as a Vine Stalker Monk on June 19, 2015.
             Slain by a hobgoblin (3 damage)
             ... on level 1 of the Dungeon.
             The game lasted 00:03:25 (552 turns).

bal the Insei (Vine Stalker Monk)                    Turns: 552, Time: 00:03:26

Health: -2/19      AC:  2    Str: 13    XL:     3   Next: 16%
Magic:  0/4        EV: 13    Int: 10    God:
Gold:   64         SH:  0    Dex: 17    Spells: 0 memorised, 2 levels left

rFire  . . .     SeeInvis .     g - +0 dagger
rCold  . . .     Clarity  .     a - +0 robe
rNeg   . . .     SustAt   .     (no shield)
rPois  .         Gourm    .     (no helmet)
rElec  .         Spirit   +     (no cloak)
rCorr  .         Warding  .     (no gloves)
rMut   .         Stasis   .     (no boots)
MR     .....                    (no amulet)
Stlth  ++........               (no ring)
                                (no ring)

@: not resistant to hostile enchantments, unstealthy
A: fangs 2, regeneration 1, magic shield, antimagic bite, no device heal 3, rot
immunity
a: no special abilities


You were on level 1 of the Dungeon.
You were not hungry.

You visited 1 branch of the dungeon, and saw 1 of its levels.

You collected 64 gold pieces.

Inventory:

Hand weapons
 g - a +0 dagger (weapon)
Armour
 a - a +0 robe (worn)
 j - a +0 shield
Scrolls
 e - a scroll of remove curse {unknown}
 l - a scroll of blinking {unknown}
Potions
 c - a potion of haste {unknown}
 d - a potion of degeneration {unknown}
 h - a potion of brilliance {unknown}
 i - a potion of curing {unknown}
Comestibles
 b - a bread ration
 f - a chunk of flesh
 k - a slice of pizza


   Skills:
 + Level 2.9 Fighting
 + Level 2.8 Dodging
 + Level 2.4 Stealth
 + Level 4.4 Unarmed Combat


You had 2 spell levels left.
You didn't know any spells.

Dungeon Overview and Level Annotations

Branches:
Dungeon (1/15)

Altars:


Innate Abilities, Weirdness & Mutations

You have extremely sharp teeth.
Your natural rate of healing is unusually fast.
When hurt, damage is shared between your health and your magic reserves.
Your bite disrupts and absorbs the magic of your enemies.
Potions and wands cannot restore your health.
You are immune to rotting.


Message History

The jackal misses you. The hobgoblin hits you.
You closely miss the jackal. Your bite misses the jackal.
The jackal is heavily wounded.
The jackal closely misses you. The hobgoblin barely misses you.
The jackal closely misses you.
You closely miss the jackal.
The jackal is heavily wounded.
The jackal barely misses you. The hobgoblin barely misses you.
You hit the jackal. You bite the jackal, but do no damage.
The jackal is almost dead.
The jackal closely misses you. The hobgoblin hits you.
* * * LOW HITPOINT WARNING * * *
You miss the jackal.
The jackal is almost dead.
The jackal barely misses you. The hobgoblin closely misses you.
The jackal barely misses you.
You hit the jackal but do no damage. Your punch misses the jackal.
The jackal is almost dead.
The jackal closely misses you. The hobgoblin hits you.
You die...

..........#####......###÷.......#
.................................
....................#.......#####
#.#........####.....#.....#...#
#.#........# #.....#.......#.###
#.#........# #.....#....##...(..
#.#.######.# ##h#.#....###......
#.....####.# #h#......# #......
##.........# ##@#......# #......
#.........## #..g.#....# ##.....
##......#..####...##.#.## ####..
####....#........#..##### ###.
###...###............#####...
#.......#..........#...))## ##
####.(.....#..............# .#
###....#................ .#
♣♣♣♣♣♣♣♣♣....#................


You could see 2 jackals and a hobgoblin.

Vanquished Creatures
  A giant gecko (D:1)
  A bat (D:1)
  2 giant cockroaches (D:1)
  6 hobgoblins (D:1)
  6 kobolds (D:1)
  3 giant newts (D:1)
  4 goblins (D:1)
  A jackal (D:1)
  4 rats (D:1)
28 creatures vanquished.

Notes
Turn   | Place    | Note
--------------------------------------------------------------
     0 | D:1      | bal the Vine Stalker Monk began the quest for the Orb.
     0 | D:1      | Reached XP level 1. HP: 11/11 MP: 2/2
   133 | D:1      | Reached XP level 2. HP: 5/16 MP: 3/3
   452 | D:1      | Reached XP level 3. HP: 19/19 MP: 4/4
   552 | D:1      | Slain by a hobgoblin

Vault maps used:
D:1:      tarquinn_simple_flora_water_a

Action                   || total
-------------------------++-------
Melee: Unarmed           ||    35
       Dagger            ||    66
 Stab: Sleeping          ||     2
